Map: Year Zero LE

Players

Throwfordays - Winner!

  • Race: Protoss Protoss
  • League: Bronze
  • Spawn Location: 1:00

VOD

Have the link to the VOD?

Description

Time

  • Played on: Jan. 23, 2019, 3:30 p.m.
  • Length: 14:44
Show
View Real Time Build Order
Export as new Build Order

Throwfordays Protoss - Winner!

Build Orders:  

Get SALT Encoding   

  12  0:03  Probe (Chrono Boost)  
  14  0:20  Probe (Chrono Boost)  
  14  0:31  Pylon  
  14  0:37  Probe (Chrono Boost)  
  15  0:58  Probe (Chrono Boost)  
  16  1:05  Gateway  
  16  1:15  Probe (Chrono Boost)  
  17  1:26  Assimilator  
  17  1:32  Probe (Chrono Boost)  
  18  1:49  Probe (Chrono Boost)  
  19  2:06  Probe (Chrono Boost)  
  20  2:11  Cybernetics Core  
  20  2:26  Nexus  
  20  2:31  Pylon  
  20  2:47  Assimilator  
  20  2:53  Probe (Chrono Boost)  
  22  3:10  Probe (Chrono Boost)  
  22  3:25  Gateway  
  22  3:27  Probe (Chrono Boost)  
  23  3:35  Gateway  
  23  3:38  Gateway  
  23  3:43  Assimilator  
  23  3:44  Warp Gate  
  23  3:47  Assimilator  
  23  3:53  Probe (Chrono Boost)  
  25  4:10  Probe (Chrono Boost)  
  25  4:19  Probe (Chrono Boost)  
  26  4:27  Probe (Chrono Boost)  
  27  4:36  Probe (Chrono Boost)  
  28  4:44  Probe (Chrono Boost)  
  29  4:53  Probe (Chrono Boost)  
  29  4:58  Stalker  
  33  5:01  Probe (Chrono Boost)  
  33  5:07  Stalker  
  36  5:10  Probe (Chrono Boost)  
  36  5:15  Stalker  
  36  5:18  Probe (Chrono Boost)  
  39  5:24  Stalker  
  39  5:27  Probe (Chrono Boost)  
  42  5:35  Probe (Chrono Boost)  
  43  5:44  Probe (Chrono Boost)  
  44  5:52  Probe (Chrono Boost)  
  45  6:07  Probe (Chrono Boost)  
  46  6:11  Pylon  
  46  6:16  Pylon  
  46  6:19  Pylon  
  46  6:23  Gateway  
  46  6:26  Gateway  
  46  6:38  Probe (Chrono Boost)  
  47  6:46  Probe (Chrono Boost)  
  47  6:49  Stalker x3  
  54  6:50  Stalker  
  54  6:55  Probe (Chrono Boost)  
  57  7:03  Probe (Chrono Boost)  
  49  7:20  Probe (Chrono Boost)  
  49  7:25  Adept  
  49  7:26  Adept x3  
  51  7:52  Twilight Council  
  51  7:57  Adept  
  51  7:58  Adept x5  
  61  8:19  Unknown x3  
  61  8:44  Stalker x4  
  69  9:07  Pylon  
  69  9:19  Forge  
  69  9:20  Forge  
  69  9:24  Forge  
  69  9:37  Pylon, Stalker x4  
  77  9:46  Pylon  
  77  10:03  Pylon  
  77  10:14  Pylon  
  55  10:40  Unknown, Stalker x5  
  55  10:41  Stalker  
  53  11:13  Adept x5  
  53  11:14  Adept  
  51  11:42  Stalker  
  51  11:43  Stalker x4  
  51  11:44  Stalker  
  57  12:15  Nexus  
  57  12:20  Stalker x2  
  57  12:21  Stalker x3  
  57  12:22  Stalker  
  69  12:30  Blink  
  67  12:59  Adept x4  
  75  13:00  Adept x2  
  79  14:07  Stalker x3  
  79  14:08  Stalker x3  
Tags
 
League
Bronze
Matchup
Co-op
Replay Pack
Multiplayer
Add a new tag
Caveats
  • Supply blocks, unpowered buildings, or Contaminate may cause inaccurate times.
  • Supply counts are checked every 10 seconds.